 Dungeon Crawl Stone Soup version 0.29.0-4-gdea44cf6ec (webtiles) character file.

Game seed: 1302649673811367838

72 qw the Chopper (level 4, 0/28 HPs)
             Began as a Gargoyle Fighter on Sept 8, 2022.
             Slain by a hound zombie (2 damage)
             ... on level 4 of the Dungeon.
             The game lasted 00:01:13 (3455 turns).

qw the Chopper (Gargoyle Fighter)                   Turns: 3455, Time: 00:01:14

Health: 0/28       AC: 11    Str: 21    XL:     4   Next: 25%
Magic:  4/4        EV:  9    Int: 11    God:
Gold:   133        SH:  5    Dex: 17    Spells: 3/3 levels left

rFire   . . .      SeeInvis +   Y - +1 war axe
rCold   . . .      Faith    .   c - +0 buckler
rNeg    + . .      Spirit   .   b - +0 scale mail
rPois   inf        Reflect  .   (no helmet)
rElec   +          Harm     .   j - +0 cloak
rCorr   .          Rampage  .   (no gloves)
Will    .....                   (no boots)
Stlth   ..........              (no amulet)
HPRegen 0.09/turn               i - ring "Goge" {Int+2 Dex+2 SInv}
MPRegen 0.09/turn               k - +6 ring of dexterity

@: about to teleport
A: sickness immunity, AC +3, negative energy resistance 1, electricity
resistance, torment resistance 1, petrification resistance
a: no special abilities


You were on level 4 of the Dungeon.
You visited 1 branch of the dungeon, and saw 4 of its levels.

You collected 133 gold pieces.


Innate Abilities, Weirdness & Mutations

You are immune to sickness and miasma.
Your stone body is resilient. (AC +3)
You are immune to poison.
You resist negative energy. (rN+)
You are resistant to electric shocks. (rElec)
You are resistant to unholy torment.
You are immune to petrification.


   Skills:
 - Level 3.2 Fighting
 - Level 3.8 Axes
 - Level 3.2 Armour
 + Level 0.5 Dodging
 - Level 3.2 Shields


You had 3 spell levels left.
You didn't know any spells.
Your spell library was empty.

Inventory:

Hand Weapons
 n - a +0 morningstar
 Y - a +1 war axe (weapon)
Armour
 b - a +0 scale mail (worn)
 c - a +0 buckler (worn)
 j - a +0 cloak (worn)
Jewellery
 g - a ring of fire
 i - the ring "Goge" (left hand) {Int+2 Dex+2 SInv}
   (You acquired it on level 2 of the Dungeon)

   [ring of see invisible]

   Int:       It affects your intelligence (+2).
   Dex:       It affects your dexterity (+2).
   SInv:      It lets you see invisible.
 k - a +6 ring of dexterity (right hand)
Scrolls
 p - a scroll of identify
 r - a scroll of teleportation
Potions
 d - 2 potions of might
 e - a potion of invisibility {unknown}
 f - a potion of haste {unknown}
 h - a potion of brilliance {unknown}
 l - a potion of lignification {unknown}
 m - a potion of curing {unknown}
 o - a potion of flight {unknown}

Dungeon Overview and Level Annotations

Branches:
Dungeon (4/15)
 Temple: D:4-7

Altars:
Gozag
Nemelex Xobeh
Vehumet
Xom

Shops:
D:1 (   D:3 =


Message History

You block the black bear's attack. You block the hound zombie's attack. x2
You slash the black bear!
The black bear is severely wounded.
You completely miss the hound zombie. You hit the hound zombie.
The hound zombie bites you but does no damage. x2
The black bear goes berserk!
The hound zombie bites you but does no damage.
You hit the black bear.
The black bear is almost dead.
You hit the hound zombie. You barely miss the hound zombie.
The black bear bites you.
The black bear claws you but does no damage. x2
The hound zombie bites you but does no damage.
The black bear bites you. The black bear closely misses you.
The black bear claws you but does no damage.
The hound zombie barely misses you. The hound zombie closely misses you.
The black bear barely misses you. You block the black bear's attack.
The black bear claws you.
You hit the black bear but do no damage.
The black bear is almost dead.
You hit the hound zombie. x2
You block the hound zombie's attack. x2; The black bear bites you.
The black bear barely misses you. The black bear claws you.
The hound zombie barely misses you. The hound zombie bites you.
The black bear bites you but does no damage.
The black bear claws you but does no damage. x2
You hit the black bear.
The black bear is almost dead.
You slash the hound zombie! You hit the hound zombie.
The hound zombie bites you but does no damage.
The hound zombie barely misses you. The black bear barely misses you.
The black bear claws you but does no damage. x2
The hound zombie bites you but does no damage.
The hound zombie barely misses you. The black bear bites you.
The black bear claws you. The black bear barely misses you.
3455 ||| READING 2 scrolls of teleportation.
As you read the scroll of teleportation, it crumbles to dust.
You feel strangely unstable. The hound zombie bites you.
You die...

#......# ##.(
###......##P¤..
#.........¤.8.¤
#.........¤¤¤¤¤
#.........¤¤¤¤.
#..)...Z.¤¤¤¤¤+
#.....ZhZ¤...¤#
#......@...¤¤.#
#######........
#.####### #.#
#.# #)### #.)<#
#####


You could see a black bear (berserk), 2 hound zombies and a centaur zombie.

Vanquished Creatures
  An adder skeleton (D:4)
  2 worms (D:3)
  A dart slug (D:1)
  6 orcs
  4 endoplasms
  3 giant cockroaches
  2 goblins
  2 hobgoblins
  3 quokkas
  8 ball pythons
  4 bats
  5 frilled lizards
  7 kobolds
  5 rats
53 creatures vanquished.

Notes
Turn   | Place    | Note
-------+----------+-------------------------------------------
     0 | D:1      | qw the Gargoyle Fighter began the quest for the Orb.
     0 | D:1      | Reached XP level 1. HP: 14/14 MP: 1/1
     0 | D:1      | 0 ||| qw: Version: 0.1-a-111-g1c1fd2e
     0 | D:1      | 0 ||| qw: Game counter: 6642
     0 | D:1      | 0 ||| qw: Always use a shield: true
     0 | D:1      | 0 ||| qw: God list: Okawaru
     0 | D:1      | 0 ||| qw: Allow faded altars: false
     0 | D:1      | 0 ||| qw: Do Orc after D:15 true
     0 | D:1      | 0 ||| qw: Do second Lair branch before Depths: true
     0 | D:1      | 0 ||| qw: Lair rune preference: random
     0 | D:1      | 0 ||| qw: Plans: Normal, Zot, God:TSO, Crypt, Tomb, Zig,
                  | Orb
     0 | D:1      | 0 ||| PLANNING D:1-11
   326 | D:1      | Found Kalaehaal's Antique Weapon Emporium.
   340 | D:1      | 340 ||| SHOPLISTING club (20 gold, have 0).
   340 | D:1      | 340 ||| SHOPLISTING jewelled hand axe (160 gold, have 0).
   340 | D:1      | 340 ||| SHOPLISTING mace (60 gold, have 0).
   405 | D:1      | Reached XP level 2. HP: 19/19 MP: 2/2
  1074 | D:1      | Reached skill level 3 in Axes
  1195 | D:1      | Found a faded altar of an unknown god.
  1274 | D:1      | 1274 ||| READING scroll labelled WOUJIS YPHOHIU.
  1275 | D:1      | 1275 ||| READING scroll labelled RESKET SEMELY.
  1276 | D:1      | 1276 ||| READING scroll labelled MAEROBB ZEWOU.
  1281 | D:1      | 1281 ||| READING scroll labelled COAGONA ZAROANWIL.
  1282 | D:1      | 1282 ||| READING scroll labelled WAOXYA JAFORGH.
  1283 | D:1      | 1283 ||| READING scroll labelled OTEYDY WOPS.
  1385 | D:2      | Reached XP level 3. HP: 22/23 MP: 3/3
  1411 | D:2      | 1411 ||| DROPPING +0 whip.
  1603 | D:2      | Found a shimmering altar of Xom.
  2141 | D:2      | 2141 ||| READING 2 scrolls labelled IJYASE XEPASTRESH.
  2142 | D:2      | 2142 ||| READING scroll labelled TYLEMU ZIWKONK.
  2142 | D:2      | Identified a scroll of acquirement
  2142 | D:2      | 2142 ||| ACQUIRING ring "Goge" {Int+2 Dex+2 SInv}
  2142 | D:2      | Acquired the ring "Goge" {Int+2 Dex+2 SInv}
  2144 | D:2      | 2144 ||| UPGRADING to ring "Goge" {Int+2 Dex+2 SInv}.
  2145 | D:2      | 2145 ||| READING scroll labelled NOTRUIRHIN.
  2202 | D:2      | 2202 ||| DROPPING scroll of vulnerability.
  2471 | D:3      | 2471 ||| DROPPING +2 whip of venom.
  2510 | D:3      | Found Mosozinty's Jewellery Shoppe.
  2616 | D:3      | 2616 ||| SHOPLISTING +4 ring of slaying (936 gold, have
                  | 63).
  2616 | D:3      | 2616 ||| SHOPLISTING amulet of guardian spirit (360 gold,
                  | have 63).
  2616 | D:3      | 2616 ||| SHOPLISTING ring of protection from fire (300
                  | gold, have 63).
  2616 | D:3      | 2616 ||| SHOPLISTING ring of resist corrosion (240 gold,
                  | have 63).
  2616 | D:3      | 2616 ||| SHOPLISTING ring of see invisible (180 gold, have
                  | 63).
  2732 | D:3      | Found a radiant altar of Vehumet.
  2808 | D:3      | Reached XP level 4. HP: 19/28 MP: 4/4
  2940 | D:3      | 2940 ||| DROPPING +0 flail.
  3024 | D:3      | Found an opulent altar of Gozag.
  3271 | D:3      | Found a sparkling altar of Nemelex Xobeh.
  3372 | D:3      | 3372 ||| UPGRADING to +0 cloak.
  3377 | D:3      | 3377 ||| UPGRADING to +6 ring of dexterity.
  3378 | D:3      | 3378 ||| READING scroll labelled LOAQOMP ORCHU.
  3379 | D:3      | 3379 ||| READING scroll labelled YMAIVAPNAPH.
  3419 | D:4      | 3419 ||| Stepping ~*~*~tactically~*~*~ (stealth).
  3421 | D:4      | 3421 ||| Stepping ~*~*~tactically~*~*~ (stealth).
  3422 | D:4      | 3422 ||| Stepping ~*~*~tactically~*~*~ (stealth).
  3429 | D:4      | 3429 ||| Stepping ~*~*~tactically~*~*~ (stealth).
  3441 | D:4      | Noticed a black bear
  3454 | D:4      | HP: 4/28 [black bear (5)]
  3455 | D:4      | 3455 ||| READING 2 scrolls of teleportation.
  3455 | D:4      | Slain by a hound zombie

Levels and vault maps discovered:
D:1:      saegor_arrival_simple_d, layout_basic, ebering_ecumenical_altar_box,
          serial_shops, shop
D:2:      layout_basic, basic_altar
D:3:      layout_loops_ring, nemelex_spade_bored_becter,
          nicolae_gozag_cash_rules_everything_around_me,
          mainiacjoe_overflow_surrounded_room, serial_shops, shop,
          minmay_pentomino_pile
D:4:      minmay_diamond_boxcup, layout_basic, serial_undead, serial_undead_d,
          serial_undead_e, serial_undead_e, serial_undead_c, serial_undead_d,
          serial_undead_a, nicolae_inconvenience_store

Skill      XL: |  1  2 |
---------------+-------+-----
Axes           | 2 3 |  3.8
Fighting       | |  3.2
Armour         | |  3.2
Dodging        | |  0.5
Shields        | |  3.2

Action                   |  1- 3 |  4- 6 || total
-------------------------+-------+-------++-------
Melee: War axe           |   113 |    34 ||   147
  Use: Scroll            |     9 |     3 ||    12
Armor: Scale mail        |    40 |    39 ||    79
Dodge: Dodged            |    42 |    20 ||    62
Block: Buckler           |    14 |    11 ||    25

Table legend:
 A = Non-vault XP
 B = Vault XP
 C = Vault XP percentage of total XP
 D = Non-vault monster count
 E = Vault monster count
 F = Vault count percentage of total count
                 A         B        C        D         E       F
            +---------+---------+-------+---------+---------+-------
      Total |      89 |      14 |  13.6 |      49 |       4 |   7.5
            +---------+---------+-------+---------+---------+-------
        D:1 |      33 |       0 |   0.0 |      22 |       0 |   0.0
        D:2 |      15 |       0 |   0.0 |       9 |       0 |   0.0
        D:3 |      32 |       9 |  22.0 |      15 |       3 |  16.7
        D:4 |       9 |       5 |  35.7 |       3 |       1 |  25.0
            +---------+---------+-------+---------+---------+-------
